Map: Dusk Towers

Players

ShoWTimE - Winner!

  • Race: Protoss Protoss
  • League: Master

Welmu

  • Race: Protoss Protoss
  • League: Grandmaster

Event: NationWars III

VOD

Have the link to the VOD?

Description

Time

  • Played on: Dec. 12, 2015, 11:56 a.m.
  • Length: 8:26

All games in this series

Show
View Real Time Build Order
Export as new Build Order

ShoWTimE Protoss - Winner!

Build Orders: 1 Gate Expand, Blink Stalkers 

Get SALT Encoding   

  12  0:01  Probe (Chrono Boost)  
  13  0:11  Probe (Chrono Boost)  
  14  0:17  Pylon  
  14  0:22  Probe (Chrono Boost)  
  15  0:36  Probe (Chrono Boost)  
  15  0:37  Gateway  
  15  0:42  Assimilator  
  16  0:46  Probe (Chrono Boost)  
  18  0:57  Probe (Chrono Boost)  
  18  1:07  Probe (Chrono Boost)  
  19  1:20  Nexus  
  19  1:30  Cybernetics Core  
  19  1:33  Probe (Chrono Boost)  
  20  1:40  Assimilator  
  20  1:44  Probe (Chrono Boost)  
  21  1:50  Pylon  
  21  1:54  Probe (Chrono Boost)  
  24  2:08  Stalker  
  24  2:09  Mothership Core (Chrono Boost)  
  26  2:17  Warp Gate  
  26  2:27  Probe (Chrono Boost)  
  27  2:34  Probe (Chrono Boost)  
  28  2:37  Probe (Chrono Boost)  
  28  2:42  Twilight Council  
  29  2:44  Stalker  
  29  2:46  Probe (Chrono Boost)  
  29  2:48  Probe (Chrono Boost)  
  33  2:55  Pylon  
  33  2:57  Probe (Chrono Boost)  
  34  3:00  Probe (Chrono Boost)  
  35  3:08  Probe (Chrono Boost)  
  35  3:11  Probe (Chrono Boost)  
  37  3:15  Stalker  
  37  3:17  Probe (Chrono Boost)  
  40  3:22  Blink (Chrono Boost)  
  40  3:23  Probe  
  41  3:27  Probe  
  41  3:32  Pylon  
  42  3:35  Probe  
  42  3:38  Probe  
  42  3:47  Probe  
  41  3:48  Probe  
  41  3:53  Gateway  
  42  3:58  Robotics Facility  
  42  3:59  Probe x2  
  44  4:09  Probe  
  44  4:10  Gateway  
  44  4:12  Probe  
  46  4:20  Probe (Chrono Boost), Adept  
  46  4:23  Assimilator  
  46  4:24  Probe (Chrono Boost)  
  50  4:26  Assimilator  
  50  4:32  Probe (Chrono Boost)  
  50  4:35  Probe (Chrono Boost)  
  52  4:38  Pylon  
  52  4:43  Probe (Chrono Boost)  
  53  4:46  Probe (Chrono Boost)  
  53  4:48  Observer  
  55  4:52  Nexus  
  55  4:53  Probe (Chrono Boost)  
  55  4:56  Probe (Chrono Boost)  
  55  4:59  Pylon  
  57  5:04  Probe (Chrono Boost)  
  58  5:10  Immortal (Chrono Boost)  
  62  5:18  Pylon  
  62  5:26  Stalker x2  
  62  5:27  Stalker  
  66  5:28  Gateway  
  66  5:32  Gateway  
  66  5:40  Probe  
  66  5:41  Probe  
  66  5:42  Pylon  
  68  5:44  Pylon  
  68  5:52  Immortal (Chrono Boost)  
  72  6:04  Stalker x2, Probe  
  72  6:05  Stalker  
  72  6:06  Probe  
  72  6:08  Probe  
  81  6:17  Robotics Bay  
  81  6:23  Pylon  
  85  6:30  Adept x3  
  85  6:31  Adept  
  88  6:33  Observer (Chrono Boost)  
  88  6:39  Gateway  
  89  6:42  Gateway  
  89  6:47  Pylon  
  89  6:49  Adept  
  91  6:55  Sentry x2, Adept x2  
  91  6:59  Pylon  
  99  7:02  Disruptor (Chrono Boost)  
  102  7:13  Stalker  
  104  7:18  Stalker  
  104  7:19  Stalker x3  
  112  7:27  Pylon  
  92  7:37  Adept  
  92  7:41  Adept  
  92  7:42  Adept x2  
  96  7:47  Adept  
  69  8:07  Probe  
  69  8:08  Probe x2  
  71  8:16  Adept x5  
  71  8:18  Pylon  
  82  8:22  Forge  
Show
View Real Time Build Order
Export as new Build Order

Welmu Protoss 

Build Orders: Nexus First, Zealot Archon 

Get SALT Encoding   

  12  0:01  Probe (Chrono Boost)  
  13  0:11  Probe (Chrono Boost)  
  14  0:22  Probe (Chrono Boost), Pylon  
  15  0:40  Probe (Chrono Boost)  
  16  0:50  Probe (Chrono Boost)  
  17  0:58  Nexus  
  17  1:08  Gateway  
  17  1:10  Probe (Chrono Boost)  
  18  1:19  Assimilator  
  18  1:21  Probe (Chrono Boost)  
  18  1:24  Assimilator  
  19  1:31  Probe (Chrono Boost)  
  20  1:42  Probe (Chrono Boost)  
  20  1:45  Gateway  
  21  1:52  Probe (Chrono Boost)  
  22  1:55  Cybernetics Core  
  22  2:03  Probe (Chrono Boost)  
  23  2:11  Probe (Chrono Boost)  
  23  2:13  Probe (Chrono Boost)  
  25  2:21  Probe (Chrono Boost)  
  26  2:24  Probe (Chrono Boost)  
  27  2:32  Probe (Chrono Boost), Adept x2 (Chrono Boost), Warp Gate  
  27  2:34  Probe  
  33  2:39  Pylon  
  33  2:43  Probe (Chrono Boost)  
  34  2:47  Mothership Core (Chrono Boost)  
  36  2:55  Probe (Chrono Boost)  
  36  2:58  Stalker  
  39  3:01  Stalker  
  41  3:06  Probe x2 (Chrono Boost)  
  43  3:16  Probe (Chrono Boost)  
  43  3:17  Probe (Chrono Boost), Robotics Facility  
  44  3:24  Pylon  
  44  3:27  Probe (Chrono Boost), Pylon  
  44  3:30  Probe (Chrono Boost)  
  46  3:42  Probe x2 (Chrono Boost)  
  46  3:50  Stalker, Assimilator  
  46  3:51  Pylon  
  46  3:52  Sentry  
  46  3:53  Probe x2 (Chrono Boost), Assimilator  
  50  4:02  Probe (Chrono Boost)  
  50  4:03  Probe (Chrono Boost)  
  50  4:04  Pylon  
  50  4:05  Observer (Chrono Boost)  
  53  4:12  Probe  
  53  4:13  Twilight Council  
  53  4:15  Probe  
  55  4:25  Observer (Chrono Boost)  
  55  4:30  Gateway x2  
  56  4:32  Probe  
  56  4:34  Gateway x2  
  57  4:41  Immortal (Chrono Boost)  
  61  4:48  Pylon  
  61  4:51  Charge (Chrono Boost)  
  61  4:58  Gateway  
  61  5:00  Gateway  
  61  5:04  Gateway  
  61  5:13  Immortal  
  61  5:18  Probe x2  
  67  5:28  Templar Archives, Pylon  
  66  5:29  Pylon  
  66  5:37  Zealot x2  
  66  5:40  Pylon  
  70  5:47  Warp Prism  
  70  5:52  Pylon  
  71  6:04  High Templar x2  
  71  6:05  Zealot x5  
  71  6:09  Zealot  
  87  6:16  Archon  
  87  6:17  Zealot  
  89  6:26  Zealot  
  89  6:27  Zealot x3  
  97  6:37  Pylon  
  97  6:45  High Templar x2  
  97  6:46  Zealot, High Templar x2  
  97  6:47  Zealot x3  
  109  6:50  Archon x2  
  109  6:51  Zealot  
  115  7:09  Zealot x4  
  115  7:12  Zealot  
  125  7:20  Zealot x3  
  125  7:21  Zealot  
  101  7:36  Zealot x2  
  83  7:37  Zealot  
  83  7:38  Zealot x2  
  79  7:47  Zealot x3  
  79  7:48  Zealot  
  50  8:15  Nexus  
  48  8:20  Stargate  
  48  8:21  Stargate  
Tags
 
Add a new tag
Caveats
  • Supply blocks, unpowered buildings, or Contaminate may cause inaccurate times.
  • Supply counts are checked every 10 seconds.